 Dungeon Crawl Stone Soup version 0.25.0-11-g1f837a76a1 (webtiles) character file.

Game seed: 16229956687604004689

94 MisterFreud the Slasher (level 4, 0/39 HPs)
             Began as a Minotaur Fighter on June 27, 2020.
             Killed by nerve-wracking pain
             ... invoked by Grinder
              (7 damage)
             ... on level 3 of the Dungeon.
             The game lasted 00:01:20 (2000 turns).

MisterFreud the Slasher (Minotaur Fighter)          Turns: 2000, Time: 00:01:21

Health: 0/39       AC:  6    Str: 20    XL:     4   Next: 38%
Magic:  3/3        EV:  7    Int:  6    God:
Gold:   106        SH:  9    Dex: 10    Spells: 3/3 levels left

rFire    . . .     SeeInvis .   a - +0 long sword
rCold    . . .     Gourm    .   c - +0 kite shield
rNeg     . . .     Faith    .   b - +0 scale mail
rPois    .         Spirit   .   (helmet restricted)
rElec    .         Reflect  .   (no cloak)
rCorr    .         Harm     .   (no gloves)
MR       .....                  (no boots)
Stlth    ..........             (no amulet)
HPRegen  0.13/turn              (no ring)
MPRegen  0.08/turn              (no ring)

@: no status effects
A: retaliatory headbutt, horns 2
a: no special abilities


You were on level 3 of the Dungeon.
You were hungry.

You visited 1 branch of the dungeon, and saw 3 of its levels.

You collected 106 gold pieces.

Inventory:

Hand Weapons
 a - a +0 long sword (weapon)
Armour
 b - a +0 scale mail (worn)
 c - a +0 kite shield (worn)
Wands
 g - a wand of enslavement (7)
Scrolls
 e - 3 scrolls of identify {unknown}
 h - 3 scrolls of teleportation {unknown}
 i - a scroll of fear {unknown}
 j - 3 scrolls of remove curse {unknown}
Potions
 d - a potion of might
Comestibles
 f - 6 rations
 k - a chunk of flesh


   Skills:
 - Level 3.6 Fighting
 + Level 5.7 Long Blades
 - Level 3.6 Armour
 - Level 3.6 Shields


You had 3 spell levels left.
You didn't know any spells.
Your spell library was empty.

Dungeon Overview and Level Annotations

Branches:
Dungeon (3/15)

Altars:
Fedhas
Okawaru

Annotations:
D:3 Grinder


Innate Abilities, Weirdness & Mutations

You reflexively headbutt those who attack you in melee.
You have a pair of horns on your head.


Message History

Pain shoots through your body!
You completely miss Grinder.
Grinder grins, showing sharp teeth.
You block Grinder's attack.
You hit Grinder.
Grinder is lightly wounded.
Grinder gestures at you. Pain shoots through your body!
You hit Grinder.
Grinder is lightly wounded.
Grinder hits you.
You writhe in agony.
Grinder gestures at you. Pain shoots through your body!
* * * LOW HITPOINT WARNING * * *
You slash Grinder!
Grinder is moderately wounded.
You are feeling hungry.
Grinder gestures at you. Pain shoots through your body!
You die...

#########
........#
........#
.[......#
........#
......†5#
.......@#####
....###..†..#
. #.###.#####
...# #.....#
#..###
#####.# #..
#.# #.
#########.#
#.
#<..#.....# #
###.#.#####


You could see Grinder.

Vanquished Creatures
  An iguana (D:2)
  An adder (D:2)
  An ooze (D:1)
  2 worms (D:2)
  A dart slug (D:1)
  3 leopard geckos
  4 ball pythons
  7 bats
  A giant cockroach (D:2)
  6 goblins
  5 hobgoblins
  2 kobolds (D:1)
  3 frilled lizards
  7 rats
44 creatures vanquished.

Notes
Turn   | Place    | Note
-------+----------+-------------------------------------------
     0 | D:1      | MisterFreud the Minotaur Fighter began the quest for the
                  | Orb.
     0 | D:1      | Reached XP level 1. HP: 19/19 MP: 0/0
   141 | D:1      | Reached skill level 3 in Long Blades
   216 | D:1      | Reached XP level 2. HP: 26/26 MP: 1/1
   337 | D:1      | Reached skill level 4 in Long Blades
   540 | D:1      | Reached XP level 3. HP: 28/31 MP: 2/2
  1112 | D:2      | Found an iron altar of Okawaru.
  1342 | D:2      | Reached skill level 5 in Long Blades
  1342 | D:2      | Reached XP level 4. HP: 39/39 MP: 3/3
  1680 | D:2      | Found a blossoming altar of Fedhas.
  1983 | D:3      | Noticed Grinder
  2000 | D:3      | Killed from afar by Grinder

Illustrated notes

Levels and vault maps discovered:
D:1:      enne_arrival_octagon_isle, layout_basic, minmay_pentomino_s2
D:2:      layout_basic, lemuel_round_altar, overflow_temple_1_default,
          serial_park_tiny_2
D:3:      wad_lake_hut, layout_basic, minmay_checkerbox, uniq_grinder

Skill      XL: |  1  2  3 |
---------------+----------+-----
Long Blades    | 3 4 5 |  5.7
Fighting       | |  3.6
Armour         | |  3.6
Shields        | |  3.6

Action                   |  1- 3 |  4- 6 || total
-------------------------+-------+-------++-------
Melee: Long sword        |    71 |    31 ||   102
       Headbutt          |     9 |     5 ||    14
  Eat: Chunk             |     1 |     2 ||     3
Armor: Scale mail        |    24 |     5 ||    29
Dodge: Dodged            |    20 |     7 ||    27
Block: Kite shield       |    35 |     8 ||    43
       Rpst.: Long sword |     3 |     1 ||     4
